 Dungeon Crawl Stone Soup version 0.29.1-2-gbd0b4ee654 (webtiles) character file.

Game seed: 3453072873196218771

116 GorkyZ the Trooper (level 4, 0/35 HPs)
             Began as a Demonspawn Fighter on Nov 20, 2022.
             Killed from afar by an orc wizard (8 damage)
             ... with a puff of flame
             ... on level 3 of the Dungeon.
             The game lasted 00:04:35 (2164 turns).

GorkyZ the Trooper (Demonspawn Fighter)             Turns: 2164, Time: 00:04:36

Health: 0/35       AC:  7    Str: 18    XL:     4   Next: 69%
Magic:  4/4        EV:  9    Int:  9    God:
Gold:   161        SH:  5    Dex: 15    Spells: 3/3 levels left

rFire   . . .      SeeInvis .   a - +0 trident
rCold   . . .      Faith    .   c - +0 buckler
rNeg    . . .      Spirit   .   b - +0 scale mail
rPois   +          Reflect  .   (no helmet)
rElec   .          Harm     .   (no cloak)
rCorr   .          Rampage  .   (no gloves)
Will    .....                   i - +0 pair of boots
Stlth   +.........              (no amulet)
HPRegen 0.11/turn               l - ring of poison resistance
MPRegen 0.09/turn               (no ring)

@: no status effects
A: thin skeletal structure 1, demonic guardian 1
a: no special abilities


You were on level 3 of the Dungeon.
You visited 1 branch of the dungeon, and saw 3 of its levels.

You collected 161 gold pieces.

Inventory:

Hand Weapons
 a - a +0 trident (weapon)
 m - a +0 flail of protection
Armour
 b - a +0 scale mail (worn)
 c - a +0 buckler (worn)
 i - a +0 pair of boots (worn)
Jewellery
 l - a ring of poison resistance (left hand)
 r - a ring of flight
Scrolls
 f - 3 scrolls of identify {unknown}
 g - 3 scrolls of blinking {unknown}
 h - a scroll of teleportation {unknown}
 j - a scroll of silence {unknown}
 o - a scroll of magic mapping {unknown}
 p - a scroll of acquirement {unknown}
 q - a scroll of noise {unknown}
Potions
 d - a potion of might
 e - 3 potions of attraction {unknown}
 k - a potion of flight {unknown}
 n - 2 potions of brilliance {unknown}


   Skills:
 + Level 3.4 Fighting
 + Level 2.3 Polearms
 + Level 1.0 Throwing
 + Level 3.1 Armour
 + Level 1.4 Dodging
 + Level 3.1 Shields
 + Level 1.3 Evocations


You had 3 spell levels left.
You didn't know any spells.
Your spell library contained the following spells:

 Spells                   Type           Power      Damage    Failure   Level
 Sandblast                Erth           0%         2d4       86%         1
 Summon Small Mammal      Summ           0%         N/A       86%         1
 Passwall                 Tmut/Erth      0%         N/A       94%         2
 Static Discharge         Conj/Air       0%         3-3/arc   94%         2
 Call Canine Familiar     Summ           0%         N/A       99%         3
 Conjure Flame            Conj/Fire      0%         6-21      99%         3
 Ignite Poison            Fire/Tmut/Pois 0%         N/A       99%         3
 Stone Arrow              Conj/Erth      0%         3d7       99%         3
 Summon Guardian Golem    Hex/Summ       0%         N/A       99%         3
 Dispel Undead            Necr           0%         3d6       100%        4
 Sticky Flame             Conj/Fire      0%         2d3       100%        4


Dungeon Overview and Level Annotations

Branches:
Dungeon (3/15)

Altars:


Innate Abilities, Weirdness & Mutations

You have a somewhat thin skeletal structure. (Dex +2, Stealth+)
A weak demonic guardian rushes to your aid.


Message History

The orc hits you with a +0 club.
You barely miss the orc.
The orc is severely wounded.
The orc hits you but does no damage.
You hit the orc but do no damage.
The orc is severely wounded.
You hear some strange, mumbled words.
Something tries to affect you, but you resist.
The orc closely misses you.
You closely miss the orc.
The orc is severely wounded.
You block the orc's attack.
You hit the orc.
The orc is almost dead.
The orc hits you but does no damage.
You closely miss the orc.
The orc is almost dead.
The orc closely misses you. The orc hits you with a +0 club.
The orc barely misses you. Something hits you but does no damage.
You puncture the orc!
You kill the orc!
The orc hits you with a +0 flail.
You hear some strange, mumbled words.
A puff of flame appears from out of thin air!
The puff of flame hits you.
You are too injured to fight recklessly!
You are too injured to fight recklessly!
You are too injured to fight recklessly!
You hit something. The orc hits you with a +0 flail. Something hits you.
You miss something. The orc hits you but does no damage.
Something hits you but does no damage.
You hit something. You block the orc's attack.
Something hits you but does no damage. The orc hits you with a +0 flail.
* * * LOW HITPOINT WARNING * * *
Something hits you but does no damage.
You barely miss something.
You hear some strange, mumbled words.
A puff of flame appears from out of thin air!
The puff of flame hits you!
You die...

#.# #####.## .......#
#######...##### #
...............
##.##########...#.#####
.#...............#.#<...
.......?...##.#.##.#####
......{@.........#.#
##....o))#....####.#
#..[....#.#### #.#
.$......)#>. ..#
.........#### ###
.........# ........=#
......####


You could see an orc.

Vanquished Creatures
  Terence (D:2)
  2 adders
  2 worms (D:2)
  3 dart slugs
  3 orcs (D:3)
  6 ball pythons
  7 endoplasms
  5 giant cockroaches
  A goblin (D:2)
  5 hobgoblins
  2 jackals (D:1)
  5 kobolds
  4 bats (D:1)
  4 frilled lizards
  3 rats
53 creatures vanquished.

Vanquished Creatures (collateral kills)
  An orc (D:3)
  An endoplasm (D:3)
2 creatures vanquished.

Grand Total: 55 creatures vanquished

Notes
Turn   | Place    | Note
-------+----------+-------------------------------------------
     0 | D:1      | GorkyZ the Demonspawn Fighter began the quest for the Orb.
     0 | D:1      | Reached XP level 1. HP: 18/18 MP: 1/1
    58 | D:1      | Gained mutation: You have a somewhat thin skeletal
                  | structure. (Dex +2, Stealth+) [demonic ancestry]
    58 | D:1      | Reached XP level 2. HP: 10/24 MP: 2/2
   536 | D:1      | Reached XP level 3. HP: 23/29 MP: 3/3
   778 | D:1      | Reached skill level 1 in Dodging
   861 | D:2      | Reached skill level 1 in Evocations
  1134 | D:2      | Noticed Terence
  1139 | D:2      | Killed Terence
  1140 | D:2      | Gained mutation: A weak demonic guardian rushes to your
                  | aid. [demonic ancestry]
  1140 | D:2      | Reached XP level 4. HP: 25/35 MP: 4/4
  1955 | D:3      | HP: 1/35 [orc/+0 whip (4)]
  2012 | D:3      | Reached skill level 1 in Throwing
  2164 | D:3      | Killed from afar by an orc wizard

Illustrated notes

Levels and vault maps discovered:
D:1:      amcnicky_arrival_gap_in_the_tavern_cellar, layout_rooms
D:2:      layout_loops_ring, uniq_terence
D:3:      layout_basic, nemelex_spade_bored_becter, nicolae_shop_unique_rings

Skill      XL: |  1  2  3  4 |
---------------+-------------+-----
Polearms       | 2 |  2.3
Dodging        | 1 |  1.4
Evocations     | 1 |  1.3
Armour         | 3 |  3.1
Shields        | 3 |  3.1
Throwing       | 1 |  1.0
Fighting       | |  3.4

Action                   |  1- 3 |  4- 6 || total
-------------------------+-------+-------++-------
Melee: Trident           |   136 |    77 ||   213
 Stab: Sleeping          |     1 |     1 ||     2
Armor: Scale mail        |    51 |    38 ||    89
Dodge: Dodged            |    48 |    27 ||    75
Block: Buckler           |    27 |    15 ||    42
